 Dungeon Crawl Stone Soup version 0.23.2-40-g277498a001 (webtiles) character file.

Game seed: 5290128599248472011

5574 DildoBatman the Tainter (level 11, 0/74 HPs)
             Began as a Formicid Wizard on Aug 15, 2019.
             Was a Priest of Kikubaaqudgha.
             Slain by an ogre
             ... wielding a +0 giant club
              (23 damage)
             ... on level 9 of the Dungeon.
             The game lasted 00:39:54 (8358 turns).

DildoBatman the Tainter (Formicid Wizard)           Turns: 8358, Time: 00:39:55

Health: 0/74       AC:  4    Str: 13    XL:     11   Next: 2%
Magic:  17/18      EV: 13    Int: 20    God:    Kikubaaqudgha [***...]
Gold:   493        SH:  0    Dex: 12    Spells: 8/20 levels left

rFire    + + .     SeeInvis +   g - +2 short sword (flame)
rCold    + . .     Gourm    .   (no shield)
rNeg     . . .     Faith    .   f - +1 robe {rC+ rF+}
rPois    .         Spirit   .   (helmet unavailable)
rElec    .         Reflect  .   (no cloak)
rCorr    .         Harm     .   k - +0 pair of gloves
MR       +....                  (no boots)
Stlth    +++.......             (no amulet)
HPRegen  0.22/turn              n - ring of protection from fire
MPRegen  0.16/turn              o - +3 ring of dexterity

@: no status effects
A: permanent stasis, dig shafts and tunnels, four strong arms, antennae 3
a: Dig, Shaft Self, Receive Corpses, Renounce Religion


You were on level 9 of the Dungeon.
You worshipped Kikubaaqudgha.
Kikubaaqudgha was most pleased with you.
You were very hungry.

You visited 2 branches of the dungeon, and saw 11 of its levels.

You collected 493 gold pieces.

Inventory:

Hand Weapons
 a - a +0 hunting sling
 b - a +0 dagger of electrocution
 g - a +2 short sword of flaming (weapon)
 p - a +1 shortbow of velocity
Missiles
 h - 206 stones
 j - 237 arrows
 q - 28 bolts
 F - 8 tomahawks (quivered)
 H - 5 poisoned needles
 Q - 2 throwing nets
Armour
 f - a +1 robe of resistance (worn)
 k - a +0 pair of gloves (worn)
Magical Staves
 O - an uncursed staff of fire
Jewellery
 n - a ring of protection from fire (left hand)
 o - a +3 ring of dexterity (right hand)
Wands
 w - a wand of clouds (4)
 B - a wand of iceblast (12)
Scrolls
 i - 2 scrolls of fog
 l - a scroll of fear {unknown}
 m - a scroll of immolation {unknown}
 x - 5 scrolls of remove curse
 y - 2 scrolls of amnesia
 z - a scroll of identify
 A - a scroll of enchant armour {unknown}
 C - a scroll of magic mapping
 E - a scroll of enchant weapon {unknown}
 K - a scroll of random uselessness {unknown}
 L - a scroll of blinking {unknown}
Potions
 c - 6 potions of curing
 e - a potion of heal wounds {unknown}
 r - 2 potions of ambrosia
 s - a potion of lignification
 t - a potion of magic
 u - a potion of flight {unknown}
 D - a potion of haste {unknown}
 G - a potion of brilliance
 I - a potion of invisibility {unknown}
 N - 2 potions of mutation {unknown}
Comestibles
 d - 7 chunks of flesh
 v - 19 rations


   Skills:
 * Level 2.8 Fighting
 * Level 3.0 Armour
 - Level 3.0 Dodging
 * Level 4.4 Stealth
 - Level 5.0 Spellcasting
 - Level 6.0 Conjurations
 - Level 4.0 Charms
   Level 1.0 Summonings
 * Level 6.2 Necromancy
   Level 0.8 Translocations
 - Level 4.1 Fire Magic
 - Level 4.2 Air Magic
 - Level 8.0 Poison Magic
 * Level 3.0 Evocations


You had 8 spell levels left.
You knew the following spells:

 Your Spells              Type           Power        Failure   Level  Hunger
a - Conjure Flame         Conj/Fire      ####....     4%          3    ##.....
c - Magic Dart            Conj           ####         1%          1    None
d - Regeneration          Chrm/Necr      ####......   4%          3    ##.....
e - Mephitic Cloud        Conj/Pois/Air  ####....     2%          3    ##.....
z - Sublimation of Blood  Necr           ####......   1%          2    None

Your spell library contained the following spells:

 Spells                   Type           Power        Failure   Level  Hunger
 Animate Skeleton         Necr           N/A          1%          1    None
 Pain                     Necr           ####         1%          1    None
 Call Imp                 Summ           #.......     12%         2    None
 Slow                     Hex            #.......     17%         2    None
 Bolt of Draining         Conj/Necr      ####......   26%         5    #####..
 Dispel Undead            Necr           ####....     26%         5    #####..
 Borgnjor's Vile Clutch   Necr/Erth      ###.......   65%         5    #####..
 Death Channel            Necr           ####......   80%         6    #######
 Simulacrum               Ice/Necr       ###.......   99%         6    #######
 Blink                    Tloc           Unusable     N/A         2    N/A

Dungeon Overview and Level Annotations

Branches:
Dungeon (10/15)            Temple (1/1) D:5            Lair (0/6) D:8
    Orc: D:9-12

Altars:
Ashenzari
Cheibriados
Dithmenos
Elyvilon
Gozag
Hepliaklqana
Kikubaaqudgha
Makhleb
Nemelex Xobeh
Okawaru
Ru
Sif Muna
Trog
Uskayaw
Vehumet
Wu Jian
Xom
Yredelemnul
Zin
The Shining One

Shops:
D:8 ?

Annotations:
D:3 1 runed translucent door
D:6 2 runed translucent doors, PeSeC's ghost, novice MiFi
D:7 1 exclusion


Innate Abilities, Weirdness & Mutations

You cannot be hasted, slowed, berserked, paralysed or teleported.
You can dig through walls and to a lower floor.
Your four strong arms can wield two-handed weapons with a shield.
You have a pair of large antennae on your head. (SInv)


Message History

Found a stone staircase leading up.
An ogre comes into view. It is wielding a +0 giant club.
The centaur is engulfed in noxious fumes.
The centaur appears confused.
The centaur screams, "I'll kill you anyway!"
A bullfrog skeleton comes into view.
The bullfrog skeleton hits you.
Found 11 gold pieces.
The bullfrog skeleton misses you.
Found a stone staircase leading down.
The bullfrog skeleton misses you. The ogre hits you with a +0 giant club!
A crimson imp comes into view. It is wielding a +0 mace.
The ogre hits you with a +0 giant club!!
Found a scroll labeled LOISSI MUUZ.
There is a stone staircase leading up here.
The crimson imp shouts!
The ogre hits you with a +0 giant club!!
You die...
Kikubaaqudgha rasps: "You have failed me!
Welcome... death!"

... #####.### # .......#
#.##.....$# ##
#.........######## #.
#..##.#...##.....# #.
###.........##...(.# #.
.....#..#O#.##....(####.
....>..@OZ....5....(....
........######c....####.
........# ..'.....# #.
Z.......# .##.....# ##
......... . .......#
...#..#.# .#......#
##....#.# ........#
#.#.?#.# .#......#


You could see a two-headed ogre, an ogre, a centaur (confused), a crimson imp, a
hornet zombie (wandering) and a bullfrog skeleton.

Vanquished Creatures
  Harold (D:7)
  A two-headed ogre (D:8)
  Grinder (D:3)
  Prince Ribbit (D:5)
  Sigmund (D:5)
  A yak (D:8)
  Menkaure (D:4)
  3 orc warriors
  A porcupine (D:8)
  An ice beast (D:6)
  2 sky beasts
  A black bear (D:7)
  2 necrophages
  4 ogres
  3 centaurs
  2 crocodiles
  4 bullfrogs
  A wyvern skeleton (D:8)
  2 scorpions (D:8)
  5 crimson imps
  3 bullfrog zombies
  A jelly (D:4)
  A quasit (D:8)
  4 hounds
  5 orc priests
  2 bullfrog skeletons
  15 orc wizards
  2 iguanas
  5 worker ants
  A howler monkey zombie (D:6)
  3 gnolls (D:4)
  11 adders
  A shadow imp (D:6)
  An ooze (D:2)
  An adder skeleton (D:4)
  2 worms (D:6)
  3 dart slugs
  7 leopard geckos
  21 orcs
  4 ball pythons
  8 bats
  3 giant cockroaches
  14 goblins
  3 hobgoblins
  20 jackals
  2 quokkas
  6 frilled lizards
  A kobold (D:1)
  A leopard gecko skeleton (D:4)
  A leopard gecko zombie (D:6)
  A quokka skeleton (D:5)
  13 rats
  A butterfly (D:5)
205 creatures vanquished.

Vanquished Creatures (others)
  A bush (D:8)
  A fungus (D:8)
  6 plants (D:8)
8 creatures vanquished.

Grand Total: 213 creatures vanquished

Notes
Turn   | Place    | Note
-------+----------+-------------------------------------------
     0 | D:1      | DildoBatman the Formicid Wizard began the quest for the
                  | Orb.
     0 | D:1      | Reached XP level 1. HP: 13/13 MP: 4/4
    90 | D:1      | Reached skill level 1 in Conjurations
   216 | D:1      | Reached XP level 2. HP: 18/19 MP: 0/6
   764 | D:1      | Reached XP level 3. HP: 24/24 MP: 0/7
   769 | D:1      | Learned a level 3 spell: Conjure Flame
   773 | D:1      | Learned a level 3 spell: Mephitic Cloud
  1543 | D:2      | Found an ancient bone altar of Kikubaaqudgha.
  1553 | D:2      | Became a worshipper of Kikubaaqudgha
  1602 | D:2      | Reached XP level 4. HP: 30/30 MP: 5/8
  1973 | D:3      | Noticed Grinder
  2028 | D:3      | Found a snail-covered altar of Cheibriados.
  2028 | D:3      | Found a glowing golden altar of the Shining One.
  2072 | D:3      | Found a glowing silver altar of Zin.
  2072 | D:3      | Found a runed translucent door.
  2072 | D:3      | Noticed an angel
  2257 | D:3      | Reached XP level 5. HP: 31/35 MP: 4/9
  2421 | D:3      | Killed Grinder
  2421 | D:3      | Reached skill level 5 in Conjurations
  2421 | D:3      | Reached XP level 6. HP: 21/41 MP: 1/10
  2467 | D:3      | Found a glowing silver altar of Zin.
  2493 | D:3      | Found a burning altar of Makhleb.
  2694 | D:3      | Reached * piety under Kikubaaqudgha
  2694 | D:3      | Identified Kikubaaqudgha's Guide on Darkness (Kikubaaqudgha
                  | gifted it to you on level 3 of the Dungeon)
  2694 | D:3      | Received a gift from Kikubaaqudgha
  3001 | D:3      | Reached XP level 7. HP: 40/46 MP: 8/11
  3226 | D:4      | Noticed Menkaure
  3238 | D:4      | Killed Menkaure
  3238 | D:4      | Reached skill level 1 in Fire Magic
  3238 | D:4      | Reached skill level 1 in Air Magic
  3238 | D:4      | Reached skill level 2 in Poison Magic
  3398 | D:4      | Learned a level 3 spell: Regeneration
  3401 | D:4      | Learned a level 2 spell: Sublimation of Blood
  3560 | D:4      | Found a basalt altar of Yredelemnul.
  3648 | D:4      | Reached skill level 3 in Poison Magic
  3821 | D:4      | Reached XP level 8. HP: 30/52 MP: 3/12
  3854 | D:4      | Found a white marble altar of Elyvilon.
  4037 | D:4      | Reached skill level 4 in Poison Magic
  4152 | D:5      | Entered Level 5 of the Dungeon
  4155 | D:5      | Noticed Prince Ribbit
  4482 | D:5      | Found a staircase to the Ecumenical Temple.
  4491 | Temple   | Entered the Ecumenical Temple
  4602 | D:5      | Reached ** piety under Kikubaaqudgha
  4642 | D:5      | Reached skill level 5 in Poison Magic
  4644 | D:5      | Noticed Sigmund
  4677 | D:5      | Killed Sigmund
  4777 | D:5      | Reached skill level 6 in Poison Magic
  4777 | D:5      | Reached XP level 9. HP: 38/57 MP: 5/13
  4848 | D:5      | Killed Prince Ribbit
  5081 | D:5      | Reached skill level 7 in Poison Magic
  5128 | D:5      | Reached skill level 8 in Poison Magic
  5512 | D:6      | Found a sparkling altar of Nemelex Xobeh.
  5596 | D:6      | Reached skill level 1 in Charms
  5596 | D:6      | Reached skill level 1 in Necromancy
  5705 | D:6      | Found a hide-covered altar of Uskayaw.
  5940 | D:6      | Found an ornate altar of the Wu Jian Council.
  6047 | D:6      | Found a large runed translucent door.
  6047 | D:6      | Noticed PeSeC's ghost (novice MiFi)
  6048 | D:6      | Found a large runed translucent door.
  6924 | D:7      | Reached XP level 10. HP: 30/63 MP: 5/16
  6953 | D:7      | Reached *** piety under Kikubaaqudgha
  6953 | D:7      | Identified Kikubaaqudgha's Compendium of Darkness
                  | (Kikubaaqudgha gifted it to you on level 7 of the Dungeon)
  6953 | D:7      | Received a gift from Kikubaaqudgha
  7323 | D:7      | Reached skill level 5 in Necromancy
  7561 | D:7      | Noticed Harold
  7602 | D:7      | Killed Harold
  7602 | D:7      | Reached skill level 1 in Fighting
  7602 | D:7      | Reached skill level 1 in Armour
  7602 | D:7      | Reached skill level 1 in Evocations
  7765 | D:7      | Found a shimmering altar of Xom.
  7798 | D:8      | Noticed a two-headed ogre
  7911 | D:8      | Killed a two-headed ogre
  8084 | D:8      | Found Efodin's Magic Scroll Shoppe.
  8192 | D:8      | Reached XP level 11. HP: 66/74 MP: 15/18
  8228 | D:8      | Reached skill level 5 in Spellcasting
  8250 | D:8      | You fall through a shaft for 2 floors!
  8250 | D:10     | Entered Level 10 of the Dungeon
  8284 | D:10     | Noticed an unseen horror
  8342 | D:9      | Noticed a two-headed ogre
  8358 | D:9      | Slain by an ogre

Skill      XL: |  1  2  3  4  5  6  7  8  9 10 11 |
---------------+----------------------------------+-----
Conjurations   | 1 2 3 4 5 6 |  6.0
Fire Magic     | 2 4 |  4.1
Air Magic      | 2 3 4 |  4.2
Poison Magic   | 3 6 8 |  8.0
Charms         | 3 4 |  4.0
Necromancy     | 3 6 |  6.2
Spellcasting   | 4 5 |  5.0
Fighting       | 2 |  2.8
Armour         | 2 3 |  3.0
Dodging        | 3 |  3.0
Stealth        | 4 |  4.4
Evocations     | 2 3 |  3.0
Summonings     | |  1.0
Translocations | |  0.8

Action                   |  1- 3 |  4- 6 |  7- 9 | 10-12 || total
-------------------------+-------+-------+-------+-------++-------
Melee: Dagger            |    19 |       |     9 |       ||    28
       Short sword       |       |       |    39 |    98 ||   137
 Fire: Hunting sling     |    17 |    74 |   438 |    63 ||   592
 Cast: Magic Dart        |    58 |    45 |    76 |    12 ||   191
       Mephitic Cloud    |       |       |    48 |    28 ||    76
       Conjure Flame     |       |       |    22 |    16 ||    38
       Regeneration      |       |       |     1 |     4 ||     5
       Sublimation of Bl |       |       |       |     4 ||     4
 Abil: Dig               |     3 |     1 |    20 |     5 ||    29
Evoke: Wand              |       |     2 |       |     2 ||     4
  Use: Scroll            |       |       |       |    14 ||    14
       Potion            |       |       |       |     2 ||     2
 Stab: Sleeping          |     3 |       |       |       ||     3
       Confused          |       |       |       |     6 ||     6
  Eat: Chunk             |     2 |     4 |    19 |     9 ||    34
Armor: Robe              |     7 |    11 |    40 |    12 ||    70
       Skin              |       |       |       |    13 ||    13
Dodge: Dodged            |    32 |    26 |   144 |    59 ||   261
